 Dungeon Crawl Stone Soup version 0.22-a0-609-gfedc9ff (webtiles) character file.

14 digijack the Chopper (level 2, -3/27 HPs)
             Began as a Hill Orc Monk on July 10, 2018.
             Slain by a sky beast (5 damage)
             ... on level 1 of the Dungeon.
             The game lasted 00:04:56 (1078 turns).

digijack the Chopper (Hill Orc Monk)                Turns: 1078, Time: 00:04:58

Health: -3/27      AC:  8    Str: 13    XL:     2   Next: 41%
Magic:  2/2        EV:  6    Int: 10    God:
Gold:   69         SH:  0    Dex: 13    Spells: 1/1 levels left

rFire    . . .     SeeInvis .   a - +0 hand axe
rCold    . . .     Gourm    .   (no shield)
rNeg     . . .     Faith    .   d - +0 chain mail (curse)
rPois    .         Spirit   .   (no helmet)
rElec    .         Reflect  .   (no cloak)
rCorr    .         Harm     .   (no gloves)
MR       .....                  (no boots)
Stlth    ..........             (no amulet)
HPRegen  0.09/turn              (no ring)
MPRegen  0.08/turn              (no ring)

@: no status effects
A: no striking features
a: no special abilities


You were on level 1 of the Dungeon.
You were hungry.

You visited 1 branch of the dungeon, and saw 2 of its levels.

You collected 69 gold pieces.

Inventory:

Hand Weapons
 a - a +0 hand axe (weapon)
Missiles
 e - 39 stones (quivered)
Armour
 d - a cursed +0 chain mail (worn)
Jewellery
 b - an uncursed ring of ice
Comestibles
 c - a ration


   Skills:
 + Level 3.9 Fighting
 + Level 4.3 Axes
 + Level 1.1 Armour
 - Level 2.4 Dodging
 - Level 1.5 Stealth


You had one spell level left.
You didn't know any spells.
Your spell library was empty.

Dungeon Overview and Level Annotations

Branches:
Dungeon (2/15)

Altars:


Message History

The sky beast is lightly wounded.
The sky beast hits you but does no damage.
You closely miss the sky beast.
The sky beast is lightly wounded.
The sky beast flickers out of sight!
Something hits you but does no damage.
Your chain mail prevents you from hitting something.
Something hits you but does no damage.
You closely miss something. Something hits you but does no damage.
You closely miss something.
A sky beast appears from thin air!
Reactivating autopickup.
The sky beast hits you but does no damage.
You hit the sky beast.
The sky beast is lightly wounded.
The sky beast barely misses you.
You hit the sky beast.
The sky beast is moderately wounded.
The sky beast hits you.
* * * LOW HITPOINT WARNING * * *
The sky beast shocks you.
You die...

#....................
###...............###
#..................
#...........#...###
#...........#...#..
####....#.#.#...#..
#....#+#.#...#..
#######........#...#..
#....@Y...............
#.....................
#............(........
#............#........
#............#.######'
#............#.# #.
#..........#.#.######.
#..........#.#.#....#'
#....).....#.#.......(


You could see a sky beast.

Vanquished Creatures
  A giant cockroach (D:1)
  2 goblins (D:1)
  2 hobgoblins (D:1)
  3 jackals (D:1)
  A frilled lizard (D:1)
  2 kobolds (D:1)
11 creatures vanquished.

Notes
Turn   | Place    | Note
-------+----------+-------------------------------------------
     0 | D:1      | digijack the Hill Orc Monk began the quest for the Orb.
     0 | D:1      | Reached XP level 1. HP: 19/19 MP: 1/1
   285 | D:1      | Reached XP level 2. HP: 27/27 MP: 2/2
   310 | D:1      | Reached skill level 1 in Armour
   877 | D:2      | Noticed a sky beast
  1078 | D:1      | Slain by a sky beast

Vault maps used:
D:1:      minmay_arrival_stone_box
D:2:      old_standard_altar, okawaru_trees_2, first_ration,
          minmay_split_cup_small

Skill      XL: |  1  2 |
---------------+-------+-----
Armour         | 1 |  1.1
Fighting       | |  3.9
Axes           | |  4.3
Dodging        | |  2.4
Stealth        | |  1.5

Action                   || total
-------------------------++-------
Melee: Hand axe          ||    72
  Use: Scroll            ||     4
       Potion            ||     1
Armor: Chain mail        ||    38
       Robe              ||     1
Dodge: Dodged            ||    23

Table legend:
 A = Spawn XP
 B = Non-spawn XP
 C = Spawn XP percentage of total XP
 D = Spawn monster count
 E = Non-spawn monster count
 F = Spawn count percentage of total count
 G = Total turns spent on level
                    A         B        C        D         E        F      G
               +---------+---------+-------+---------+---------+-------+---------
         Total |       0 |      20 |   0.0 |       0 |      11 |   0.0 |  1078
               +---------+---------+-------+---------+---------+-------+---------
           D:1 |       0 |      20 |   0.0 |       0 |      11 |   0.0 |  1061
               +---------+---------+-------+---------+---------+-------+---------
